RedWings vs Ducks

Created - November 17 2010 at 18:15

Goals
1 2 3 T
RedWings 1 1 0 2
Ducks 1 2 0 3
Shots
1 2 3 T
RedWings 5 9 4 18
Ducks 11 9 16 36

Period #1

1. Ducks , Richard Park 3 (Andy McDonald, Nick Schultz) at 15:25 (PP)
2. RedWings , Keith Yandle 4 (Zach Parise, Jean-Pierre Dumont) at 18:05 (PP)

Penalties :
Tom Poti (ANA) for Hooking (Minor) at 3:29, Keith Yandle (DET) for Tripping (Minor) at 4:06, Keith Yandle (DET) for Tripping (Minor) at 10:27, Christian Hanson (ANA) for Holding (Minor) at 13:13, Paul Martin (DET) for Roughing (Minor) at 14:03, David Clarkson (ANA) for Roughing (Minor) at 16:30

Period #2

3. RedWings , Travis Zajac 12 (Zach Parise) at 8:56 (PP)
4. Ducks , Rob Scuderi 1 (Manny Malhotra, Kurtis Foster) at 9:11
5. Ducks , Manny Malhotra 4 (David Perron, Rob Scuderi) at 13:01

Penalties :
David Clarkson (ANA) for Slashing (Minor) at 0:56, Kurtis Foster (ANA) for Holding (Minor) at 7:01, Paul Martin (DET) for Tripping (Minor) at 19:56

Period #3

No Goal

Penalties :
Nate Thompson (DET) for Holding (Minor) at 0:09, Brian Campbell (DET) for Holding (Minor) at 2:59, Nick Schultz (ANA) for Hooking (Minor) at 10:45, Travis Zajac (DET) for Tripping (Minor) at 15:53

Goalie Stats

Craig Anderson (DET), 33 saves from 36 shots - (0.917), L, 15-6-1, 60:00 minutes
Jose Theodore (ANA), 16 saves from 18 shots - (0.889), W, 7-0-0, 60:00 minutes

Players Stats

RedWings
Player Name              G  A  P  +/- PIM S  H  SB FO    MP 
------------------------------------------------------------
Brett Clark              0  0  0  -2  0   0  1  0  0/0   21 
Brian Campbell           0  0  0   0  2   1  1  0  0/0   21 
Colin White              0  0  0  -2  0   0  3  3  0/0   21 
Jean-Pierre Dumont       0  1  1  -2  0   2  0  0  0/1   16 
Joe Callahan             0  0  0   0  0   0  2  0  0/0   17 
Keith Yandle             1  0  1   0  4   1  0  0  0/0   6  
Kris Draper              0  0  0   0  0   0  1  3  0/0   14 
Marty Reasoner           0  0  0   0  0   0  0  0  9/17  15 
Matt Moulson             0  0  0   0  0   1  0  0  0/1   12 
Mike Cammalleri          0  0  0   0  0   1  0  0  3/7   19 
Nate Thompson            0  0  0   0  2   0  2  0  4/11  10 
Niclas Bergfors          0  0  0   0  0   0  0  0  0/0   10 
Paul Martin              0  0  0   0  4   1  2  1  0/0   21 
Pavol Demitra            0  0  0   0  0   0  0  0  1/1   7  
Ray Whitney              0  0  0  -2  0   5  1  1  1/3   20 
Ryan Getzlaf             0  0  0   0  0   1  3  0  9/22  19 
Travis Zajac             1  0  1  -2  2   5  1  0  11/20 18 
Zach Parise              0  2  2   0  0   0  1  0  1/2   20 
Ducks
Player Name              G  A  P  +/- PIM S  H  SB FO    MP 
------------------------------------------------------------
Andy McDonald            0  1  1   0  0   6  0  1  15/27 18 
Bobby Ryan               0  0  0   0  0   3  0  0  0/1   16 
Bryan Little             0  0  0   0  0   0  0  0  0/1   5  
Christian Hanson         0  0  0   0  2   1  2  0  3/12  8  
David Clarkson           0  0  0   0  4   3  6  0  1/1   17 
David Perron             0  1  1   2  0   0  0  0  0/0   13 
Dominic Moore            0  0  0   0  0   1  0  0  0/0   9  
Dustin Byfuglien         0  0  0   0  0   1  1  0  1/3   15 
Henrik Tallinder         0  0  0   0  0   1  1  0  0/0   19 
Jakub Voracek            0  0  0   2  0   1  0  0  0/0   13 
Jonathan Toews           0  0  0   0  0   5  0  0  15/22 19 
Kurtis Foster            0  1  1   2  2   1  1  0  0/0   18 
Manny Malhotra           1  1  2   2  0   1  3  0  10/17 17 
Marc-Edouard Vlasic      0  0  0   0  0   2  0  1  0/0   22 
Nick Schultz             0  1  1   0  2   0  3  1  0/0   20 
Richard Park             1  0  1   0  0   4  0  0  1/1   21 
Rob Scuderi              1  1  2   2  0   3  0  1  0/0   16 
Tom Poti                 0  0  0   0  2   3  1  2  0/0   22 

3 Stars

1 - Manny Malhotra (ANA)
2 - Rob Scuderi (ANA)
3 - Zach Parise (DET)

Power Play

RedWings - 2 on 6 Attempt(s) - 33.33%
Ducks - 1 on 7 Attempt(s) - 14.29%

Penalty Kill

RedWings - 6 on 7 Attempt(s) - 85.71% - Score 0 goal in Penalty Kill
Ducks - 4 on 6 Attempt(s) - 66.67% - Score 0 goal in Penalty Kill

Game Notes

Keith Yandle is injured at 19:12 of 1st period (Bruised Left Arm)

Finance

Level 1 -- Attendance: 4989 (76.75%) -- Ticket Income $498,900.00
Level 2 -- Attendance: 3491 (69.82%) -- Ticket Income $209,460.00
Level 3 -- Attendance: 2740 (78.29%) -- Ticket Income $95,900.00
Level 4 -- Attendance: 1174 (100.00%) -- Ticket Income $23,480.00
Luxury Box -- Attendance: 810 (81.00%) -- Ticket Income $162,000.00
Game was played at the Honda Center
Total Attendance: 13204 (76.88%)
Total Ticket Income: $1,087,592.00
Other Income: $205,206.30
Total Income: $1,292,798.00


Play by Play

Period #1

0:01 of 1st period - Jonathan Toews wins face-off versus Travis Zajac in neutral zone.
0:14 of 1st period - Shot by Jonathan Toews.
0:14 of 1st period - Stopped by Craig Anderson with a rebound.
0:18 of 1st period - Shot by Jonathan Toews.
0:18 of 1st period - Stopped by Craig Anderson with a rebound.
0:20 of 1st period - Shot by Tom Poti.
0:20 of 1st period - Stopped by Craig Anderson without a rebound.
0:21 of 1st period - Ryan Getzlaf wins face-off versus Andy McDonald in RedWings zone.
0:35 of 1st period - Brian Campbell is hit by David Clarkson and loses puck.
1:24 of 1st period - Shot by Travis Zajac.
1:24 of 1st period - Deflect By Jean-Pierre Dumont.
1:24 of 1st period - Shot Blocked by Tom Poti.
1:26 of 1st period - Shot by Ray Whitney.
1:26 of 1st period - Stopped by Jose Theodore without a rebound.
1:27 of 1st period - Manny Malhotra wins face-off versus Marty Reasoner in Ducks zone.
2:43 of 1st period - Shot by Ray Whitney.
2:43 of 1st period - Stopped by Jose Theodore without a rebound.
2:44 of 1st period - Christian Hanson wins face-off versus Zach Parise in Ducks zone.
2:44 of 1st period - Christian Hanson is hit by Ryan Getzlaf.
2:47 of 1st period - Icing by Tom Poti.
2:48 of 1st period - Ryan Getzlaf wins face-off versus Christian Hanson in Ducks zone.
2:51 of 1st period - Shot by Zach Parise.
2:51 of 1st period - Shot Misses the Net.
2:53 of 1st period - Shot by Brian Campbell.
2:53 of 1st period - Shot Misses the Net.
3:23 of 1st period - Bryan Little is hit by Brian Campbell and loses puck.
3:29 of 1st period - Minor Penalty to Tom Poti for Hooking.
3:30 of 1st period - Christian Hanson wins face-off versus Travis Zajac in Ducks zone.
4:06 of 1st period - Minor Penalty to Keith Yandle for Tripping.
4:07 of 1st period - Jonathan Toews wins face-off versus Ryan Getzlaf in RedWings zone.
4:08 of 1st period - Shot by Bobby Ryan.
4:08 of 1st period - Stopped by Craig Anderson without a rebound.
4:09 of 1st period - Jonathan Toews wins face-off versus Ryan Getzlaf in RedWings zone.
4:10 of 1st period - Shot by Kurtis Foster.
4:10 of 1st period - Shot Blocked by Ray Whitney.
4:14 of 1st period - Shot by Bobby Ryan.
4:14 of 1st period - Shot Misses the Net.
4:27 of 1st period - Icing by Kurtis Foster.
4:28 of 1st period - Jonathan Toews wins face-off versus Travis Zajac in Ducks zone.
4:35 of 1st period - Shot by Jonathan Toews.
4:35 of 1st period - Stopped by Craig Anderson without a rebound.
4:36 of 1st period - Dustin Byfuglien wins face-off versus Ryan Getzlaf in RedWings zone.
5:00 of 1st period - Shot by Ray Whitney.
5:00 of 1st period - Deflect By Ryan Getzlaf.
5:00 of 1st period - Stopped by Jose Theodore without a rebound.
5:01 of 1st period - Travis Zajac wins face-off versus Jonathan Toews in Ducks zone.
5:33 of 1st period - Shot by Andy McDonald.
5:33 of 1st period - Stopped by Craig Anderson without a rebound.
5:34 of 1st period - Nate Thompson wins face-off versus Andy McDonald in RedWings zone.
6:18 of 1st period - Off-side.
6:19 of 1st period - Marty Reasoner wins face-off versus Manny Malhotra in neutral zone.
7:38 of 1st period - Shot by Bobby Ryan.
7:38 of 1st period - Shot Blocked by Paul Martin.
7:57 of 1st period - Andy McDonald is hit by Brett Clark and loses puck.
8:02 of 1st period - Shot by David Clarkson.
8:02 of 1st period - Shot Blocked by Colin White.
8:06 of 1st period - Shot by Richard Park.
8:06 of 1st period - Shot Misses the Net.
8:10 of 1st period - Shot by Andy McDonald.
8:10 of 1st period - Shot Misses the Net.
8:28 of 1st period - Shot by Travis Zajac.
8:28 of 1st period - Shot Blocked by Andy McDonald.
8:31 of 1st period - Icing by Nick Schultz.
8:32 of 1st period - Andy McDonald wins face-off versus Ryan Getzlaf in Ducks zone.
9:49 of 1st period - Shot by Marc-Edouard Vlasic.
9:49 of 1st period - Shot Blocked by Colin White.
9:51 of 1st period - Shot by Marc-Edouard Vlasic.
9:51 of 1st period - Shot Misses the Net.
9:55 of 1st period - Shot by Jonathan Toews.
9:55 of 1st period - Shot Misses the Net.
10:27 of 1st period - Minor Penalty to Keith Yandle for Tripping.
10:28 of 1st period - Nate Thompson wins face-off versus Andy McDonald in RedWings zone.
10:28 of 1st period - Nate Thompson is hit by David Clarkson.
10:44 of 1st period - Shot by Tom Poti.
10:44 of 1st period - Stopped by Craig Anderson with a rebound.
10:50 of 1st period - Shot by Tom Poti.
10:50 of 1st period - Shot Misses the Net.
10:52 of 1st period - Shot by Tom Poti.
10:52 of 1st period - Deflect By David Clarkson.
10:52 of 1st period - Shot Hit the Post.
10:56 of 1st period - Shot by Andy McDonald.
10:56 of 1st period - Deflect By David Clarkson.
10:56 of 1st period - Stopped by Craig Anderson without a rebound.
10:57 of 1st period - Jonathan Toews wins face-off versus Nate Thompson in RedWings zone.
11:39 of 1st period - Off-side.
11:40 of 1st period - Andy McDonald wins face-off versus Nate Thompson in neutral zone.
11:52 of 1st period - Icing by Richard Park.
11:53 of 1st period - Marty Reasoner wins face-off versus Andy McDonald in Ducks zone.
12:46 of 1st period - Icing by Rob Scuderi.
12:47 of 1st period - Manny Malhotra wins face-off versus Ryan Getzlaf in Ducks zone.
12:47 of 1st period - Manny Malhotra is hit by Ryan Getzlaf.
13:10 of 1st period - Shot by Jakub Voracek.
13:10 of 1st period - Deflect By Manny Malhotra.
13:10 of 1st period - Shot Misses the Net.
13:12 of 1st period - Shot by Jakub Voracek.
13:12 of 1st period - Stopped by Craig Anderson without a rebound.
13:13 of 1st period - Travis Zajac wins face-off versus Christian Hanson in RedWings zone.
13:13 of 1st period - Minor Penalty to Christian Hanson for Holding.
13:14 of 1st period - Jonathan Toews wins face-off versus Travis Zajac in Ducks zone.
14:02 of 1st period - Icing by Mike Cammalleri.
14:03 of 1st period - Jonathan Toews wins face-off versus Matt Moulson in RedWings zone.
14:03 of 1st period - Minor Penalty to Paul Martin for Roughing.
14:04 of 1st period - Jonathan Toews wins face-off versus Travis Zajac in RedWings zone.
14:25 of 1st period - Shot by Bobby Ryan.
14:25 of 1st period - Shot Misses the Net.
14:52 of 1st period - Off-side.
14:53 of 1st period - Ryan Getzlaf wins face-off versus Dustin Byfuglien in neutral zone.
15:11 of 1st period - Shot by Andy McDonald.
15:11 of 1st period - Deflect By Dustin Byfuglien.
15:11 of 1st period - Shot Misses the Net.
15:25 of 1st period - Shot by Andy McDonald.
15:25 of 1st period - Deflect By Richard Park.
15:25 of 1st period - Goal by Richard Park - RedWings : 0 - Ducks : 1.
15:26 of 1st period - Manny Malhotra wins face-off versus Marty Reasoner in neutral zone.
16:30 of 1st period - Minor Penalty to David Clarkson for Roughing.
16:31 of 1st period - Travis Zajac wins face-off versus Christian Hanson in Ducks zone.
16:46 of 1st period - Shot by Jean-Pierre Dumont.
16:46 of 1st period - Stopped by Jose Theodore without a rebound.
16:47 of 1st period - Manny Malhotra wins face-off versus Ryan Getzlaf in Ducks zone.
17:31 of 1st period - Icing by Brett Clark.
17:32 of 1st period - Travis Zajac wins face-off versus Christian Hanson in RedWings zone.
17:39 of 1st period - Dominic Moore is hit by Zach Parise.
18:05 of 1st period - Shot by Keith Yandle.
18:05 of 1st period - Goal by Keith Yandle - RedWings : 1 - Ducks : 1.
18:06 of 1st period - Jonathan Toews wins face-off versus Nate Thompson in neutral zone.
18:06 of 1st period - Jonathan Toews is hit by Nate Thompson.
18:29 of 1st period - Jonathan Toews is hit by Colin White and loses puck.
18:37 of 1st period - Off-side.
18:38 of 1st period - Ryan Getzlaf wins face-off versus Christian Hanson in neutral zone.
18:55 of 1st period - Shot by Marc-Edouard Vlasic.
18:55 of 1st period - Shot Misses the Net.
19:11 of 1st period - Keith Yandle is hit by Christian Hanson and loses puck.
19:12 of 1st period - Keith Yandle from RedWings is injured at 19:12 of 1st period (Bruised Left Arm).
19:13 of 1st period - Ray Whitney wins face-off versus Andy McDonald in RedWings zone.
19:36 of 1st period - Shot by Andy McDonald.
19:36 of 1st period - Stopped by Craig Anderson without a rebound.
19:37 of 1st period - Manny Malhotra wins face-off versus Marty Reasoner in RedWings zone.
19:44 of 1st period - Shot by Jakub Voracek.
19:44 of 1st period - Shot Misses the Net.

Period #2

0:01 of 2nd period - Jonathan Toews wins face-off versus Travis Zajac in neutral zone.
0:15 of 2nd period - Shot by Ray Whitney.
0:15 of 2nd period - Stopped by Jose Theodore without a rebound.
0:16 of 2nd period - Andy McDonald wins face-off versus Ryan Getzlaf in Ducks zone.
0:28 of 2nd period - Brian Campbell is hit by David Clarkson and loses puck.
0:36 of 2nd period - Ryan Getzlaf is hit by Nick Schultz and loses puck.
0:56 of 2nd period - Minor Penalty to David Clarkson for Slashing.
0:57 of 2nd period - Manny Malhotra wins face-off versus Jean-Pierre Dumont in Ducks zone.
1:22 of 2nd period - Shot by Zach Parise.
1:22 of 2nd period - Deflect By Travis Zajac.
1:22 of 2nd period - Stopped by Jose Theodore without a rebound.
1:23 of 2nd period - Ryan Getzlaf wins face-off versus Christian Hanson in Ducks zone.
1:28 of 2nd period - Shot by Ray Whitney.
1:28 of 2nd period - Stopped by Jose Theodore with a rebound.
2:30 of 2nd period - Travis Zajac is hit by Henrik Tallinder and loses puck.
2:44 of 2nd period - Icing by Kris Draper.
2:45 of 2nd period - Travis Zajac wins face-off versus Manny Malhotra in RedWings zone.
3:12 of 2nd period - Shot by Niclas Bergfors.
3:12 of 2nd period - Shot Blocked by Rob Scuderi.
4:32 of 2nd period - Henrik Tallinder is hit by Ray Whitney and loses puck.
4:37 of 2nd period - Shot by Ray Whitney.
4:37 of 2nd period - Deflect By Jean-Pierre Dumont.
4:37 of 2nd period - Shot Misses the Net.
4:39 of 2nd period - Shot by Kris Draper.
4:39 of 2nd period - Shot Misses the Net.
4:43 of 2nd period - Shot by Travis Zajac.
4:43 of 2nd period - Stopped by Jose Theodore without a rebound.
4:44 of 2nd period - Manny Malhotra wins face-off versus Nate Thompson in Ducks zone.
6:25 of 2nd period - Shot by Dominic Moore.
6:25 of 2nd period - Stopped by Craig Anderson without a rebound.
6:26 of 2nd period - Manny Malhotra wins face-off versus Ray Whitney in RedWings zone.
7:01 of 2nd period - Minor Penalty to Kurtis Foster for Holding.
7:02 of 2nd period - Ryan Getzlaf wins face-off versus Christian Hanson in Ducks zone.
7:25 of 2nd period - Shot by Brian Campbell.
7:25 of 2nd period - Deflect By Ryan Getzlaf.
7:25 of 2nd period - Shot Misses the Net.
7:27 of 2nd period - Shot by Brian Campbell.
7:27 of 2nd period - Shot Misses the Net.
7:29 of 2nd period - Shot by Mike Cammalleri.
7:29 of 2nd period - Shot Misses the Net.
7:31 of 2nd period - Shot by Paul Martin.
7:31 of 2nd period - Deflect By Mike Cammalleri.
7:31 of 2nd period - Shot Blocked by Nick Schultz.
8:10 of 2nd period - Shot by Travis Zajac.
8:10 of 2nd period - Stopped by Jose Theodore without a rebound.
8:11 of 2nd period - Manny Malhotra wins face-off versus Ryan Getzlaf in Ducks zone.
8:32 of 2nd period - Shot by Mike Cammalleri.
8:32 of 2nd period - Stopped by Jose Theodore with a rebound.
8:34 of 2nd period - Shot by Paul Martin.
8:34 of 2nd period - Stopped by Jose Theodore with a rebound.
8:36 of 2nd period - Shot by Brian Campbell.
8:36 of 2nd period - Stopped by Jose Theodore with a rebound.
8:38 of 2nd period - Shot by Paul Martin.
8:38 of 2nd period - Shot Blocked by Marc-Edouard Vlasic.
8:40 of 2nd period - Shot by Brian Campbell.
8:40 of 2nd period - Shot Misses the Net.
8:56 of 2nd period - Shot by Travis Zajac.
8:56 of 2nd period - Goal by Travis Zajac - RedWings : 2 - Ducks : 1.
8:57 of 2nd period - Travis Zajac wins face-off versus Manny Malhotra in neutral zone.
9:09 of 2nd period - Shot by Manny Malhotra.
9:09 of 2nd period - Shot Misses the Net.
9:11 of 2nd period - Shot by Rob Scuderi.
9:11 of 2nd period - Goal by Rob Scuderi - RedWings : 2 - Ducks : 2.
9:12 of 2nd period - Andy McDonald wins face-off versus Ryan Getzlaf in neutral zone.
9:15 of 2nd period - Shot by Richard Park.
9:15 of 2nd period - Stopped by Craig Anderson without a rebound.
9:16 of 2nd period - Ryan Getzlaf wins face-off versus Manny Malhotra in RedWings zone.
9:38 of 2nd period - Off-side.
9:39 of 2nd period - Andy McDonald wins face-off versus Marty Reasoner in neutral zone.
9:43 of 2nd period - Off-side.
9:44 of 2nd period - Marty Reasoner wins face-off versus Andy McDonald in neutral zone.
10:32 of 2nd period - Icing by Dustin Byfuglien.
10:33 of 2nd period - Travis Zajac wins face-off versus Jonathan Toews in Ducks zone.
11:40 of 2nd period - Shot by Jakub Voracek.
11:40 of 2nd period - Shot Blocked by Kris Draper.
11:44 of 2nd period - Shot by Manny Malhotra.
11:44 of 2nd period - Deflect By David Perron.
11:44 of 2nd period - Shot Misses the Net.
11:46 of 2nd period - Shot by Rob Scuderi.
11:46 of 2nd period - Stopped by Craig Anderson without a rebound.
11:47 of 2nd period - Richard Park wins face-off versus Ryan Getzlaf in RedWings zone.
12:18 of 2nd period - Brian Campbell is hit by Nick Schultz and loses puck.
12:26 of 2nd period - Icing by Richard Park.
12:27 of 2nd period - Travis Zajac wins face-off versus Andy McDonald in Ducks zone.
12:27 of 2nd period - Travis Zajac is hit by Nick Schultz.
12:50 of 2nd period - Jean-Pierre Dumont is hit by Manny Malhotra and loses puck.
13:01 of 2nd period - Shot by Manny Malhotra.
13:01 of 2nd period - Goal by Manny Malhotra - RedWings : 2 - Ducks : 3.
13:02 of 2nd period - Christian Hanson wins face-off versus Marty Reasoner in neutral zone.
13:07 of 2nd period - Marty Reasoner is hit by Christian Hanson and loses puck.
13:24 of 2nd period - Shot by Christian Hanson.
13:24 of 2nd period - Shot Misses the Net.
13:26 of 2nd period - Shot by Christian Hanson.
13:26 of 2nd period - Stopped by Craig Anderson with a rebound.
13:30 of 2nd period - Shot by Marc-Edouard Vlasic.
13:30 of 2nd period - Stopped by Craig Anderson without a rebound.
13:31 of 2nd period - Manny Malhotra wins face-off versus Ryan Getzlaf in RedWings zone.
13:49 of 2nd period - Icing by Brian Campbell.
13:50 of 2nd period - Jonathan Toews wins face-off versus Ryan Getzlaf in RedWings zone.
14:52 of 2nd period - Icing by Brett Clark.
14:53 of 2nd period - Travis Zajac wins face-off versus Andy McDonald in RedWings zone.
15:00 of 2nd period - Colin White is hit by David Clarkson and loses puck.
16:13 of 2nd period - Icing by Marty Reasoner.
16:14 of 2nd period - Marty Reasoner wins face-off versus Jonathan Toews in RedWings zone.
16:31 of 2nd period - Shot by Jonathan Toews.
16:31 of 2nd period - Stopped by Craig Anderson with a rebound.
16:38 of 2nd period - Bobby Ryan is hit by Colin White and loses puck.
16:49 of 2nd period - Jonathan Toews is hit by Travis Zajac and loses puck.
17:53 of 2nd period - Pavol Demitra is hit by Manny Malhotra and loses puck.
18:02 of 2nd period - Shot by Kurtis Foster.
18:02 of 2nd period - Stopped by Craig Anderson with a rebound.
18:47 of 2nd period - David Clarkson is hit by Joe Callahan and loses puck.
19:05 of 2nd period - Richard Park is hit by Paul Martin.
19:27 of 2nd period - Bryan Little is hit by Joe Callahan and loses puck.
19:56 of 2nd period - Minor Penalty to Paul Martin for Tripping.
19:57 of 2nd period - Marty Reasoner wins face-off versus Jonathan Toews in RedWings zone.

Period #3

0:01 of 3rd period - Marty Reasoner wins face-off versus Dustin Byfuglien in neutral zone.
0:07 of 3rd period - Icing by Jonathan Toews.
0:08 of 3rd period - Jonathan Toews wins face-off versus Nate Thompson in Ducks zone.
0:08 of 3rd period - Jonathan Toews is hit by Nate Thompson.
0:09 of 3rd period - Minor Penalty to Nate Thompson for Holding.
0:10 of 3rd period - Andy McDonald wins face-off versus Mike Cammalleri in RedWings zone.
0:13 of 3rd period - Shot by Richard Park.
0:13 of 3rd period - Stopped by Craig Anderson without a rebound.
0:14 of 3rd period - Mike Cammalleri wins face-off versus Jonathan Toews in RedWings zone.
0:25 of 3rd period - Shot by Jonathan Toews.
0:25 of 3rd period - Stopped by Craig Anderson without a rebound.
0:26 of 3rd period - Andy McDonald wins face-off versus Mike Cammalleri in RedWings zone.
1:40 of 3rd period - Shot by Bobby Ryan.
1:40 of 3rd period - Shot Blocked by Kris Draper.
1:44 of 3rd period - Shot by Bobby Ryan.
1:44 of 3rd period - Stopped by Craig Anderson without a rebound.
1:45 of 3rd period - Mike Cammalleri wins face-off versus Andy McDonald in RedWings zone.
1:51 of 3rd period - Icing by Tom Poti.
1:52 of 3rd period - Andy McDonald wins face-off versus Mike Cammalleri in Ducks zone.
2:06 of 3rd period - Icing by Richard Park.
2:07 of 3rd period - Mike Cammalleri wins face-off versus Andy McDonald in Ducks zone.
2:11 of 3rd period - Zach Parise is hit by Kurtis Foster and loses puck.
2:43 of 3rd period - Off-side.
2:44 of 3rd period - Jonathan Toews wins face-off versus Ryan Getzlaf in neutral zone.
2:51 of 3rd period - Bobby Ryan is hit by Colin White and loses puck.
2:59 of 3rd period - Minor Penalty to Brian Campbell for Holding.
3:00 of 3rd period - Marty Reasoner wins face-off versus Jonathan Toews in RedWings zone.
3:00 of 3rd period - Marty Reasoner is hit by Dustin Byfuglien.
3:26 of 3rd period - Shot by Marc-Edouard Vlasic.
3:26 of 3rd period - Stopped by Craig Anderson without a rebound.
3:27 of 3rd period - Andy McDonald wins face-off versus Marty Reasoner in RedWings zone.
4:52 of 3rd period - Shot by David Clarkson.
4:52 of 3rd period - Stopped by Craig Anderson without a rebound.
4:53 of 3rd period - Andy McDonald wins face-off versus Mike Cammalleri in RedWings zone.
5:12 of 3rd period - Shot by Jakub Voracek.
5:12 of 3rd period - Shot Misses the Net.
5:28 of 3rd period - Shot by Mike Cammalleri.
5:28 of 3rd period - Shot Misses the Net.
6:13 of 3rd period - Shot by Niclas Bergfors.
6:13 of 3rd period - Shot Misses the Net.
6:23 of 3rd period - Niclas Bergfors is hit by Manny Malhotra and loses puck.
7:19 of 3rd period - Shot by Jonathan Toews.
7:19 of 3rd period - Deflect By Bobby Ryan.
7:19 of 3rd period - Shot Misses the Net.
7:21 of 3rd period - Shot by Bobby Ryan.
7:21 of 3rd period - Stopped by Craig Anderson with a rebound.
7:23 of 3rd period - Shot by Jonathan Toews.
7:23 of 3rd period - Shot Blocked by Colin White.
7:31 of 3rd period - Shot by Jonathan Toews.
7:31 of 3rd period - Shot Misses the Net.
8:17 of 3rd period - Christian Hanson is hit by Kris Draper and loses puck.
8:20 of 3rd period - Shot by Henrik Tallinder.
8:20 of 3rd period - Stopped by Craig Anderson without a rebound.
8:21 of 3rd period - Andy McDonald wins face-off versus Nate Thompson in RedWings zone.
8:32 of 3rd period - Shot by David Clarkson.
8:32 of 3rd period - Stopped by Craig Anderson without a rebound.
8:33 of 3rd period - Marty Reasoner wins face-off versus Bryan Little in RedWings zone.
9:13 of 3rd period - Icing by Tom Poti.
9:14 of 3rd period - Pavol Demitra wins face-off versus Christian Hanson in Ducks zone.
9:38 of 3rd period - Shot by Andy McDonald.
9:38 of 3rd period - Stopped by Craig Anderson without a rebound.
9:39 of 3rd period - Travis Zajac wins face-off versus Manny Malhotra in RedWings zone.
9:54 of 3rd period - Shot by Travis Zajac.
9:54 of 3rd period - Stopped by Jose Theodore with a rebound.
9:56 of 3rd period - Shot by Colin White.
9:56 of 3rd period - Deflect By Ray Whitney.
9:56 of 3rd period - Stopped by Jose Theodore with a rebound.
10:32 of 3rd period - Shot by Andy McDonald.
10:32 of 3rd period - Stopped by Craig Anderson without a rebound.
10:33 of 3rd period - David Clarkson wins face-off versus Marty Reasoner in RedWings zone.
10:45 of 3rd period - Minor Penalty to Nick Schultz for Hooking.
10:46 of 3rd period - Zach Parise wins face-off versus Christian Hanson in Ducks zone.
11:29 of 3rd period - Tom Poti is hit by Ryan Getzlaf and loses puck.
12:40 of 3rd period - Mike Cammalleri is hit by Tom Poti and loses puck.
12:56 of 3rd period - Shot by Matt Moulson.
12:56 of 3rd period - Stopped by Jose Theodore without a rebound.
12:57 of 3rd period - Nate Thompson wins face-off versus Manny Malhotra in Ducks zone.
14:24 of 3rd period - Shot by Jean-Pierre Dumont.
14:24 of 3rd period - Shot Blocked by Tom Poti.
14:26 of 3rd period - Shot by Travis Zajac.
14:26 of 3rd period - Deflect By Jean-Pierre Dumont.
14:26 of 3rd period - Stopped by Jose Theodore without a rebound.
14:27 of 3rd period - Andy McDonald wins face-off versus Ray Whitney in Ducks zone.
14:31 of 3rd period - Icing by Richard Park.
14:32 of 3rd period - Andy McDonald wins face-off versus Marty Reasoner in Ducks zone.
14:34 of 3rd period - Icing by Richard Park.
14:35 of 3rd period - Andy McDonald wins face-off versus Nate Thompson in Ducks zone.
14:37 of 3rd period - Icing by David Clarkson.
14:38 of 3rd period - Ryan Getzlaf wins face-off versus Andy McDonald in Ducks zone.
15:09 of 3rd period - Colin White is hit by David Clarkson and loses puck.
15:28 of 3rd period - Ryan Getzlaf is hit by David Clarkson and loses puck.
15:53 of 3rd period - Minor Penalty to Travis Zajac for Tripping.
15:54 of 3rd period - Marty Reasoner wins face-off versus Bobby Ryan in RedWings zone.
16:10 of 3rd period - Jonathan Toews is hit by Paul Martin and loses puck.
17:28 of 3rd period - Shot by Kurtis Foster.
17:28 of 3rd period - Shot Blocked by Kris Draper.
17:30 of 3rd period - Shot by Dustin Byfuglien.
17:30 of 3rd period - Stopped by Craig Anderson without a rebound.
17:31 of 3rd period - Nate Thompson wins face-off versus Manny Malhotra in RedWings zone.
17:55 of 3rd period - Shot by Richard Park.
17:55 of 3rd period - Shot Misses the Net.
17:59 of 3rd period - Shot by Andy McDonald.
17:59 of 3rd period - Stopped by Craig Anderson without a rebound.
18:00 of 3rd period - Ryan Getzlaf wins face-off versus Andy McDonald in RedWings zone.
18:26 of 3rd period - Shot by Andy McDonald.
18:26 of 3rd period - Deflect By David Clarkson.
18:26 of 3rd period - Shot Misses the Net.
18:28 of 3rd period - Shot by Richard Park.
18:28 of 3rd period - Stopped by Craig Anderson without a rebound.
18:29 of 3rd period - Jonathan Toews wins face-off versus Travis Zajac in RedWings zone.
18:32 of 3rd period - Shot by Tom Poti.
18:32 of 3rd period - Stopped by Craig Anderson without a rebound.
18:33 of 3rd period - Jonathan Toews wins face-off versus Travis Zajac in RedWings zone.
19:05 of 3rd period - Icing by Colin White.
19:06 of 3rd period - Andy McDonald wins face-off versus Travis Zajac in RedWings zone.
19:13 of 3rd period - Shot by Andy McDonald.
19:13 of 3rd period - Stopped by Craig Anderson with a rebound.
19:17 of 3rd period - Shot by Manny Malhotra.
19:17 of 3rd period - Shot Misses the Net.
19:19 of 3rd period - Shot by Rob Scuderi.
19:19 of 3rd period - Stopped by Craig Anderson without a rebound.
19:20 of 3rd period - Travis Zajac wins face-off versus Jonathan Toews in RedWings zone.


Output by the SimonT Hockey Simulator (STHS) for Stephane Roy -- Original Page W3C XHTML 1.0 Valid